[Event "Early-Titled-Tuesday-Blitz-October-10-2023"]
[Site "Chess.com"]
[Date "2023.10.10"]
[Round "7"]
[White "Kotofeyca"]
[Black "meoluoi91"]
[Result "1/2-1/2"]
[WhiteElo "2435"]
[BlackElo "2591"]
[TimeControl "180+1"]
[EndTime "9:16:08 PDT"]
[Termination "Game drawn - insufficient material"]

1. d4 d5 2. c4 c6 3. Nc3 Nf6 4. cxd5 Nxd5 5. Nf3 g6 6. g3 Bg7 7. Bg2 O-O 8. O-O Nxc3 9. bxc3 c5 10. Qb3 cxd4 11.
cxd4 Nc6 12. Bb2 Qb6 13. Qxb6 axb6 14. Ne5 Nxe5 15. dxe5 Ra5 16. f4 Be6 17. a3 Bc4 18.
Kf2 Rb5 19. Bc3 Rb3 20. Bb4 Rb2 21. Rfe1 Re8 22. Bxb7 f6 23. Rac1 b5 24. Bc6 Rb8 25. exf6 exf6 26. Bf3 f5 27. Red1 Re8 28. Rd2 Rxd2 29.
Bxd2 Bb2 30. Rb1 Bxa3 31. Bb4 Bxb4 32. Rxb4 Kf7 33. Bc6 Rxe2+ 34. Kf3 Rxh2 35. Bxb5 Bd5+ 36. Ke3 Rg2 37. Kd4 Be6 38. Bc4 Bxc4 39. Rxc4 Rxg3 40.
Rc7+ Kg8 41. Ke5 Ra3 42. Kf6 Ra6+ 43. Kg5 Re6 44. Rb7 Rd6 45. Rc7 Rd8 46. Kh6 Rd4 47. Rg7+ Kf8 48. Rxh7 Rxf4 49. Kxg6 Rf1 50. Rf7+ Kg8 51.
Rxf5 Rg1+ 52. Kf6 Kh7 53. Rg5 Rf1+ 54. Rf5 Rxf5+ 55. Kxf5 1/2-1/2

[Event "Early-Titled-Tuesday-Blitz-October-10-2023"]
[Site "Chess.com"]
[Date "2023.10.10"]
[Round "7"]
[White "SaqoChess_Twitch"]
[Black "BardArtem"]
[Result "0-1"]
[WhiteElo "2634"]
[BlackElo "2837"]
[TimeControl "180+1"]
[EndTime "9:16:09 PDT"]
[Termination "BardArtem won by resignation"]

1. d4 d5 2. c4 c6 3. Nc3 dxc4 4. a4 e5 5. e3 exd4 6. exd4 Be6 7. Nf3 Nf6 8. Ne5 Nbd7 9. Nxc4 Bb4 10. Be3 O-O 11. Bd3 Nb6 12. Nxb6 axb6 13. O-O Re8 14. Bg5 h6 15. Bh4 Be7 16. h3 Nd5 17. Bg3 Bf6 18.
Be5 Bxe5 19. dxe5 Nf4 20. Be4 Qg5 21. Kh2 Qxe5 22. g3 Rad8 23. Qe1 Nd3 24. Bxd3 Qxe1 25.
Rfxe1 Rxd3 26. Re2 Red8 27. a5 Ra8 28. a6 Rxa6 29. Rxa6 bxa6 30. Na4 Rb3 31. Rd2 Bd5 32. g4 a5 33. f4 Rb4 34. Nc3 Rxf4 35. Nxd5 cxd5 36. Rxd5 Rf2+ 37. Kg3 Rxb2 38. Rd8+ Kh7 39. Rd7 f6 40. h4 b5 41. h5 a4 42. Ra7 Rb3+ 43. Kf4 a3 44. Kf5 b4 45. Ke6 Rg3 46.
Kf5 b3 47. Rxa3 b2 48. Rxg3 b1=Q+ 49. Kf4 Qb8+ 50. Kf3 Qe5 51. Rg2 f5 52. g5 Qe4+ 53.
Kg3 hxg5 54. h6 gxh6 55. Ra2 Kg6 56. Kh3 Qf3+ 57. Kh2 g4 58. Kg1 Qg3+ 59. Kh1 Qe1+ 60. Kh2 Qe5+ 61. Kg1 Qd4+ 62. Kh2 Kg5 63. Ra8 Qf2+ 64.
Kh1 Qf3+ 65. Kh2 Qxa8 0-1

[Event "Early-Titled-Tuesday-Blitz-October-10-2023"]
[Site "Chess.com"]
[Date "2023.10.10"]
[Round "7"]
[White "Karttunen"]
[Black "Herzog2012"]
[Result "0-1"]
[WhiteElo "2638"]
[BlackElo "2517"]
[TimeControl "180+1"]
[EndTime "9:16:09 PDT"]
[Termination "Herzog2012 won on time"]

1. d4 Nf6 2. Bf4 e6 3. e3 c5 4. c3 b6 5. Nf3 Bb7 6. Nbd2 Be7 7.
Bd3 Nh5 8. Be5 d6 9. Bg3 h6 10. Bb5+ Bc6 11. Bxc6+ Nxc6 12. Qa4 Qd7 13. e4 Nxg3 14.
hxg3 cxd4 15. cxd4 d5 16. exd5 exd5 17. Rc1 Nd8 18.
Qb3 Bf6 19. O-O O-O 20. Rfe1 Ne6 21. Qd3 Rac8 22. Nf1 Rxc1 23. Rxc1 Rc8 24. Rd1 Qa4 25. a3 Qc2 26. Rd2 Qxd3 27. Rxd3 Kf8 28. Ne3 Rd8 29. Kf1 Ke7 30. Ke2 g6 31. Rd1 Kd6 32. Kd3 Rc8 33.
b3 h5 34. a4 a5 35. Nc2 Rc6 36. Re1 Bg7 37. Na3 Nc7 38. Nb1 Na6 39. Nc3 Nb4+ 40. Kd2 Bh6+ 41. Re3 Bxe3+ 42. fxe3 Ke7 43. Ne1 Rf6 44.
Nf3 g5 45. Ke2 g4 46. Ne5 Re6 47. Kd2 Kf6 0-1

[Event "Early-Titled-Tuesday-Blitz-October-10-2023"]
[Site "Chess.com"]
[Date "2023.10.10"]
[Round "7"]
[White "esrosenberg"]
[Black "banane_verte"]
[Result "0-1"]
[WhiteElo "2379"]
[BlackElo "2523"]
[TimeControl "180+1"]
[EndTime "9:16:10 PDT"]
[Termination "banane_verte won by resignation"]

1. d4 d5 2. Nf3 Nf6 3. g3 g6 4. Bg2 Bg7 5. O-O O-O 6. c3 Bf5 7.
Qb3 b6 8. Ne5 Be4 9. f3 Bf5 10.
Nd2 Nfd7 11. Qxd5 c6 12. Nxc6 Nxc6 13. Qxc6 Rc8 14. Qa4 e5 15. e4 Be6 16. d5 Nc5 17.
Qxa7 Ra8 18. Qxa8 Qxa8 19. dxe6 Nxe6 20. Nb3 Rd8 21. Be3 Qc6 22. Rfd1 Rxd1+ 23. Rxd1 Bf8 24.
Rd5 Qa4 25. Nc1 Bc5 26. Bxc5 Nxc5 27. Rd2 f5 28. exf5 gxf5 29. Bf1 e4 30. b4 Ne6 31. fxe4 Ng5 32. Bc4+ Kg7 33. Bb3 Qc6 34. Rd3 Qxe4 35. Rd7+ Kh6 36. Nd3 Nh3+ 37. Kf1 Qh1+ 38. Ke2 Qxh2+ 39.
Kd1 Qxg3 40. Kc2 f4 41. Rd6+ Kg5 42. Rd5+ Kh4 43. Rd4 h5 44. Be6 Kg5 45. Bxh3 Qxh3 46. Nxf4 Qh2+ 47. Kd3 h4 48. Nd5 h3 49. Ne3 Qxa2 50.
Rd5+ Qxd5+ 51. Nxd5 h2 52. Nxb6 h1=Q 53. c4 Kf6 54.
Nd5+ Ke5 55. Ke3 Qe4+ 56. Kd2 Qxc4 57. Nc3 Qxb4 58. Kd3 Qb3 59. Kd2 Kd4 60. Ne2+ Kc4 61. Nc1 Qb2+ 62. Kd1 Kc3 63. Ne2+ Kd3 64. Nc1+ Ke3 0-1

[Event "Early-Titled-Tuesday-Blitz-October-10-2023"]
[Site "Chess.com"]
[Date "2023.10.10"]
[Round "7"]
[White "DefiantChair"]
[Black "fastestmindalive"]
[Result "1-0"]
[WhiteElo "2625"]
[BlackElo "2730"]
[TimeControl "180+1"]
[EndTime "9:16:11 PDT"]
[Termination "DefiantChair won by resignation"]

1. e4 c5 2. Nf3 g6 3. d4 cxd4 4.
Nxd4 Nc6 5. c4 Nf6 6. Nc3 Nxd4 7.
Qxd4 d6 8. Be3 Bg7 9. Be2 O-O 10. Qd2 Qa5 11. O-O Ng4 12. Bxg4 Bxg4 13. Bd4 Rfc8 14. Bxg7 Kxg7 15. Qd4+ Qe5 16. Qxe5+ dxe5 17. f3 Be6 18. b3 h5 19. Kf2 h4 20. Rac1 a6 21. a4 a5 22.
Rfd1 f5 23. Ke3 Kf6 24. h3 Ra6 25. Nb5 Rb6 26. Rd2 Rh8 27. Rcd1 Rh5 28. Rd8 Rg5 29. Kf2 Rg3 30. Rh8 fxe4 31. Rxh4 Rg5 32. Rxe4 Rh5 33. Rde1 Rc6 34. Kg1 Rc5 35. f4 Bf5 36. Rxe5 Rxe5 37.
Rxe5 Bc2 38. Rxh5 gxh5 39. Nd4 Bd1 40. Kf2 h4 41. Ke1 Bh5 42. Kd2 e5 43. fxe5+ Kxe5 44. Ke3 Bd1 45. c5 Kd5 46. Kd3 Kxc5 47. Kc3 b6 48.
Nf5 b5 49. axb5 Kxb5 50. Nxh4 Kc5 51. Nf5 Bh5 52. g4 Bf7 53. h4 Kd5 54. Ne3+ Ke4 55. Nc4 Kf4 56. g5 Kg4 57. Ne5+ 1-0

[Event "Early-Titled-Tuesday-Blitz-October-10-2023"]
[Site "Chess.com"]
[Date "2023.10.10"]
[Round "7"]
[White "LamaChampetre"]
[Black "FMStan15"]
[Result "1-0"]
[WhiteElo "2245"]
[BlackElo "2108"]
[TimeControl "180+1"]
[EndTime "9:16:11 PDT"]
[Termination "LamaChampetre won on time"]

1. d4 Nf6 2. c4 g6 3. Nc3 d6 4. e4 Bg7 5. h3 O-O 6. Nf3 e5 7. d5 Nh5 8. g3 a5 9. Be3 Na6 10.
Be2 Nc5 11. Nd2 Nf6 12. g4 Ne8 13. h4 f5 14. exf5 gxf5 15. h5 fxg4 16. Nde4 Nf6 17. Nxc5 dxc5 18. Bxc5 Re8 19. Be3 Bf5 20. Rg1 Qd7 21.
h6 Bf8 22. Qd2 Bb4 23. O-O-O Ne4 24. Bxg4 Bxg4 25. Qe2 Nxc3 26. Rxg4+ Kh8 27. bxc3 Ba3+ 28. Kb1 Qf5+ 29. Ka1 Rg8 30. Rdg1 Rxg4 31. Qxg4 Qxg4 32. Rxg4 Rf8 33. Kb1 Rf7 34. Kc2 Bd6 35. Kd3 b6 36. Ke4 a4 37. Rg1 a3 38. Kd3 Rf5 39. Rg4 Rf7 40.
Ke2 Rf5 41. Bg5 Rf7 42. Bh4 Rf5 43. Bg3 Rh5 44. Rh4 Rf5 45. Rh3 e4 46. Bxd6 cxd6 47. Rh4 Rf3 48. Rxe4 Rf8 49. Re6 Kg8 50. Rxd6 1-0

[Event "Early-Titled-Tuesday-Blitz-October-10-2023"]
[Site "Chess.com"]
[Date "2023.10.10"]
[Round "7"]
[White "vishwa_vijeta"]
[Black "ChainedDowntohell"]
[Result "1-0"]
[WhiteElo "2555"]
[BlackElo "2432"]
[TimeControl "180+1"]
[EndTime "9:16:13 PDT"]
[Termination "vishwa_vijeta won on time"]

1. e4 e6 2. d4 d5 3. Nd2 c5 4. e5 cxd4 5. Ngf3 Nc6 6. Nb3 Bb4+ 7. Bd2 Qb6 8. a3 Be7 9. Bd3 Bd7 10. O-O Rc8 11.
Nfxd4 Nxe5 12. Ba5 Qd6 13. Bb4 Qb8 14. Re1 Nxd3 15.
Qxd3 Bxb4 16. axb4 Ne7 17. Nc5 Rc7 18. Qg3 O-O 19.
Rxa7 Bc6 20. Rea1 Rfc8 21. Ndxe6 fxe6 22. Nxe6 Nf5 23. Qg5 Rf7 24. h3 Qd6 25. Nc5 Rcf8 26. Nd3 Nd4 27. c3 Ne2+ 28. Kh1 Rf6 29. Re1 Rg6 30.
Qe3 Nf4 31. Nxf4 Qxf4 32. Qxf4 Rxf4 33. f3 Rf8 34. b5 Bxb5 35. Rxb7 Bc4 36. b3 Bd3 37.
Rd1 Be2 38. Rxd5 Rf7 39. Rd8+ Rf8 40. Rxf8+ Kxf8 41. Rb8+ Kf7 42. c4 Rd6 43. Kh2 Rd2 44. Kg3 Rb2 45. c5 Bc4 46. c6 Rxb3 47. c7 1-0

[Event "Early-Titled-Tuesday-Blitz-October-10-2023"]
[Site "Chess.com"]
[Date "2023.10.10"]
[Round "7"]
[White "AvitalBor"]
[Black "kirillshevchenko"]
[Result "0-1"]
[WhiteElo "2817"]
[BlackElo "2976"]
[TimeControl "180+1"]
[EndTime "9:16:14 PDT"]
[Termination "kirillshevchenko won by resignation"]

1. e4 e5 2. Bc4 Nc6 3. Nc3 Nf6 4. d3 Na5 5. Nge2 Be7 6. O-O d6 7. f4 exf4 8. Nxf4 Nxc4 9. dxc4 O-O 10. h3 Nd7 11. Ncd5 Nc5 12. Qf3 c6 13. Nxe7+ Qxe7 14. b4 Nxe4 15. Bb2 f5 16. Rae1 Qg5 17. Nh5 Be6 18.
Nxg7 Bxc4 19. Nxf5 Bxf1 20. Rxe4 Rxf5 21. Qb3+ Kf8 22.
Rg4 Bc4 23. Qxc4 Qe3+ 24. Kh2 d5 25. Bd4 Qxh3+ 26. Kxh3 dxc4 27. Bc5+ Kf7 28. Rxc4 Rd8 29. Bxa7 Rd2 30. a4 Re2 31. c3 Rh5+ 32. Kg4 Kg6 33.
g3 Rf5 34. Rd4 h5+ 35. Kh3 Rf1 36. Rd6+ Kf7 37. Kh4 Rh2+ 38. Kg5 Rf3 39. Rd7+ Ke6 40. Rxb7 Rxg3+ 41. Kh6 Rxc3 42. a5 h4 43. a6 Ra2 44.
Bd4 Rc4 45. Bc5 Rxa6 46. Kg5 Ra1 47. Rh7 Rac1 48. Rh6+ Kd7 49. Kf5 Rxc5+ 50. bxc5 Rxc5+ 51. Ke4 Rc4+ 52. Ke5 Kc7 53. Rh7+ Kb6 54. Rh5 Kb5 55. Rxh4 Rxh4 0-1

[Event "Early-Titled-Tuesday-Blitz-October-10-2023"]
[Site "Chess.com"]
[Date "2023.10.10"]
[Round "7"]
[White "Abund"]
[Black "DanielTitichoca"]
[Result "1-0"]
[WhiteElo "2787"]
[BlackElo "2629"]
[TimeControl "180+1"]
[EndTime "9:16:14 PDT"]
[Termination "Abund won by resignation"]

1. Nf3 g6 2. g3 Bg7 3. Bg2 e5 4.
e4 Nc6 5. O-O Nge7 6. c3 O-O 7.
d4 d6 8. Re1 h6 9. a4 Bg4 10. Be3 f5 11. exf5 Nxf5 12. Qb3+ Kh8 13. Qxb7 Na5 14. Qa6 exd4 15. Bxd4 Nxd4 16. Nxd4 Bxd4 17.
cxd4 Nb3 18. Ra3 Nxd4 19. Nd2 Rb8 20. Qd3 Qf6 21. Ne4 Qg7 22. b3 Rbe8 23. Re3 Nf5 24. Re1 Nd4 25. Re3 d5 26. Nd2 Nf5 27. Rxe8 Rxe8 28.
h3 Be2 29. Qxd5 Qe7 30. Ra1 Rd8 31. Qc6 Rxd2 32. Re1 Qd6 33. Qa8+ Kg7 34. Qxa7 Qb6 35. Qa8 Nxg3 36. a5 Qc5 37. Qb7 Bb5 38. Qf3 Qxf2+ 39. Qxf2 Rxf2 40. Kxf2 Nf5 41. Re5 Nd4 42. Rxb5 Nxb5 43. Ke3 Na7 44. Kd4 Kf6 45. Kc5 Ke5 46.
b4 Kf4 47. b5 Kg3 48. Bd5 Kxh3 49. Be6+ Kg3 50. b6 cxb6+ 51. axb6 1-0

[Event "Early-Titled-Tuesday-Blitz-October-10-2023"]
[Site "Chess.com"]
[Date "2023.10.10"]
[Round "7"]
[White "djokovic74"]
[Black "Sadykov_Ramil"]
[Result "1/2-1/2"]
[WhiteElo "2742"]
[BlackElo "2624"]
[TimeControl "180+1"]
[EndTime "9:16:15 PDT"]
[Termination "Game drawn by repetition"]

1. c4 e6 2. Nf3 Nf6 3. g3 d5 4.
d4 Bb4+ 5. Nbd2 dxc4 6. Bg2 c3 7. bxc3 Bxc3 8. Rb1 Ne4 9. O-O Bxd2 10. Bxd2 Nxd2 11. Qxd2 O-O 12. Rfc1 c6 13. Ne5 Nd7 14. Nc4 Nb6 15. Na5 Qe7 16. Qb2 Rd8 17. e3 h6 18. h4 Rb8 19. Bxc6 bxc6 20. Nxc6 Qd6 21. a4 Ra8 22. Nxd8 Qxd8 23. a5 Nd5 24. e4 Nf6 25. f3 Nd7 26.
Qb4 Nf8 27. Rc6 Ng6 28. Rbc1 Bd7 29. Rc7 Be8 30. Qc5 Qf6 31. Kg2 a6 32. Rc8 Rxc8 33.
Qxc8 Kf8 34. e5 Qf5 35. Qd8 Qd3 36. Qd6+ Kg8 37. Rc8 Qe2+ 38. Kh3 Qf1+ 39. Kh2 Qe2+ 40. Kg1 Qe1+ 41. Kg2 Qe2+ 42. Kh3 Qb5 43. Qd8 Kh7 44. Qxe8 Qf1+ 45. Kh2 Qf2+ 46. Kh3 Qf1+ 47. Kh2 Qf2+ 48. Kh1 Qf1+ 49. Kh2 1/2-1/2

[Event "Early-Titled-Tuesday-Blitz-October-10-2023"]
[Site "Chess.com"]
[Date "2023.10.10"]
[Round "7"]
[White "AsaHoffmann"]
[Black "Boxerandchessplayer"]
[Result "1/2-1/2"]
[WhiteElo "2386"]
[BlackElo "2180"]
[TimeControl "180+1"]
[EndTime "9:16:15 PDT"]
[Termination "Game drawn - insufficient material"]

1. d4 e6 2. e4 d5 3. e5 c5 4. Nf3 Qb6 5. Bd3 Nc6 6. O-O Bd7 7.
Nc3 cxd4 8. Nb5 a6 9. Nd6+ Bxd6 10. exd6 Nb4 11. Ne5 Nxd3 12. Qxd3 Qxd6 13. Qxd4 Nf6 14. Bf4 Qe7 15. Rfe1 O-O 16. h3 Rac8 17. c3 Rfd8 18. Rad1 Bb5 19. Bg5 h6 20. Bh4 Re8 21. Re3 Qc5 22.
Bxf6 Qxd4 23. Rxd4 gxf6 24. Rg3+ Kf8 25. Ng4 f5 26. Nxh6 Ke7 27. Rg7 Rf8 28. g4 Kf6 29.
Rh7 Kg6 30. Rxf7 Rxf7 31. Nxf7 Kxf7 32. gxf5 Rg8+ 33. Kh2 e5 34. Rxd5 Bc6 35. Rxe5 Kf6 36.
Rc5 Rg2+ 37. Kh1 Rxf2+ 38. Kg1 Rxf5 39. Rxf5+ Kxf5 40. Kf2 Kf4 41. h4 Kg4 42. Ke3 Kxh4 43. Kd4 Kg5 44. Kc5 Kf6 45. c4 a5 46. b3 Ke6 47.
Kb6 Kd6 48. Kxa5 Kc5 49. a3 Bd7 50. a4 Bc6 51. b4+ Kxc4 52. b5 Bf3 53. Kb6 Kb4 54. a5 Ka4 55. a6 bxa6 56. bxa6 Kb4 57. a7 Ka4 58. Kc7 Ka5 59. Kb8 Kb6 60. a8=N+ 1/2-1/2

[Event "Early-Titled-Tuesday-Blitz-October-10-2023"]
[Site "Chess.com"]
[Date "2023.10.10"]
[Round "7"]
[White "Doomfist26"]
[Black "MatthewG-p4p"]
[Result "1-0"]
[WhiteElo "2639"]
[BlackElo "2810"]
[TimeControl "180+1"]
[EndTime "9:16:16 PDT"]
[Termination "Doomfist26 won by resignation"]

1. e4 e6 2. Nf3 d5 3. e5 c5 4. b4 cxb4 5. a3 Nc6 6. axb4 Bxb4 7. c3 Be7 8. d4 Bd7 9. Bd3 b5 10. O-O b4 11. c4 a5 12. Re1 a4 13. cxd5 exd5 14.
e6 fxe6 15. Ng5 Nf6 16. Bxh7 Qc7 17. Bg6+ Kf8 18. h3 Nd8 19. Qf3 Rh4 20. g3 Rxd4 21. Bf4 Bd6 22. Nh7+ Ke7 23. Bg5 Be5 24. Nd2 Rc8 25.
Nf1 a3 26. Ne3 Kd6 27. Nxf6 gxf6 28. Bxf6 Nc6 29. Ng4 Bxf6 30. Qxf6 Rc4 31. Ne5 Nxe5 32. Qxe5+ Kc6 33. Qe3 Qb6 34. Qf3 Rc3 35. Qf6 Qc5 36. Rad1 b3 37. Rxd5 Qxd5 38. Qxc3+ Kb6 39. Qb4+ Bb5 40.
Qxa3 Rc6 41. Be4 Qd2 42. Ra1 Rc7 43. Qa8 Qc3 44. Qb8+ Kc5 45. Qxc7+ Kb4 46. Qxc3+ Kxc3 47. Rb1 b2 48. g4 Bc4 49. g5 Ba2 50. g6 Bxb1 51.
Bxb1 Kd2 52. g7 Kc1 53. Bg6 Kd2 54. g8=Q 1-0

[Event "Early-Titled-Tuesday-Blitz-October-10-2023"]
[Site "Chess.com"]
[Date "2023.10.10"]
[Round "7"]
[White "Irishchessman16"]
[Black "TregubovP"]
[Result "0-1"]
[WhiteElo "2454"]
[BlackElo "2587"]
[TimeControl "180+1"]
[EndTime "9:16:19 PDT"]
[Termination "TregubovP won by resignation"]

1. d4 Nf6 2. Nf3 d5 3. c4 e6 4. e3 c5 5. Nc3 Nc6 6. a3 a6 7. dxc5 Bxc5 8. b4 Bd6 9. Bb2 O-O 10.
Be2 dxc4 11. Bxc4 b5 12. Bd3 Bb7 13. Ne4 Be7 14. O-O Rc8 15. Bxf6 Bxf6 16. Ra2 Ne5 17. Nxe5 Bxe5 18. Rd2 Bxe4 19. Bxe4 Bxh2+ 20. Kxh2 Qh4+ 21. Kg1 Qxe4 22. Rd4 Qa8 23. Qh5 Rfd8 24. Rh4 h6 25. Rg4 Kf8 26. f4 Qe4 27. Rf3 Rd1+ 28. Kh2 Rcc1 29.
Kg3 Rh1 30. Qe5 Qxe5 31. fxe5 Rh5 32. Rgf4 Rc7 33. Re4 Ke7 34. Ref4 Ke8 35. Rg4 Kf8 36. Re4 Rf5 37. Rxf5 exf5 38. Rd4 Rc3 39. Kf4 Rxa3 40. Rd8+ Ke7 41. Ra8 g6 42. Ra7+ Ke6 43. Rb7 g5+ 44. Kf3 f4 45. Ke4 Rxe3+ 46. Kd4 Rb3 47. Rb6+ Kf5 48.
Rf6+ Kg4 49. Rxf7 Rxb4+ 50. Kd5 Rb2 51. e6 Rxg2 52. e7 Re2 53. Kd6 f3 54. Rf8 Kg3 55.
Rf6 f2 56. Re6 Rxe6+ 57. Kxe6 f1=Q 0-1

[Event "Early-Titled-Tuesday-Blitz-October-10-2023"]
[Site "Chess.com"]
[Date "2023.10.10"]
[Round "7"]
[White "Grossboss19"]
[Black "KatakuriDono"]
[Result "1-0"]
[WhiteElo "2514"]
[BlackElo "2326"]
[TimeControl "180+1"]
[EndTime "9:16:21 PDT"]
[Termination "Grossboss19 won by resignation"]

1. e4 e5 2. Nf3 Nc6 3. Bc4 Nf6 4. O-O Be7 5. Nc3 O-O 6. d4 exd4 7. Nxd4 d6 8. Re1 Ne5 9. Bf1 Re8 10. f3 Bf8 11. Be3 a6 12. Bf2 c5 13. Nb3 b5 14. a4 b4 15. Nd5 Nxd5 16. Qxd5 Be6 17. Qd2 Qf6 18. Bg3 h5 19. Qf4 Qxf4 20. Bxf4 Bxb3 21.
cxb3 Re6 22. Red1 Nc6 23. Bc4 Rg6 24. Bd5 Rc8 25. Bxc6 Rxc6 26. Rac1 h4 27. h3 Re6 28.
Rd5 Be7 29. Rcd1 f6 30. Kf1 Kf7 31. Rc1 a5 32. Ke2 g5 33. Be3 Re5 34. Rxe5 dxe5 35. Kd3 Ke6 36. Kc4 f5 37. Kb5 Rc8 38. Bxc5 fxe4 39.
fxe4 Bd6 40. Rc4 Bxc5 41. Rxc5 Rf8 42. Rc2 Ra8 43. Kb6 Kf6 44. Rc5 Rd8 45. Rc2 Rd4 46. Re2 g4 47. hxg4 Kg5 48. Kxa5 Kxg4 49. Kb6 Kf4 50. a5 Rd6+ 51. Kb7 Rd7+ 52. Kc6 Ra7 53. Kb6 Rg7 54. a6 Rg6+ 55. Kb7 Rg7+ 56. Kb6 Rg6+ 57.
Kb5 Rg7 58. Kxb4 Kg3 59. Ka5 Rf7 60. b4 Rf1 61. a7 Ra1+ 62. Kb6 h3 63. gxh3 1-0

[Event "Early-Titled-Tuesday-Blitz-October-10-2023"]
[Site "Chess.com"]
[Date "2023.10.10"]
[Round "7"]
[White "ActorXu"]
[Black "amanmuhammethommadov"]
[Result "1-0"]
[WhiteElo "2740"]
[BlackElo "2597"]
[TimeControl "180+1"]
[EndTime "9:16:23 PDT"]
[Termination "ActorXu won by resignation"]

1. e4 c5 2. Nf3 Nc6 3. Bb5 e6 4. O-O Nge7 5. Re1 a6 6. Bf1 d5 7. exd5 Nxd5 8. d4 Nf6 9. Be3 cxd4 10. Nxd4 Bd7 11. c4 Qc7 12. h3 Bd6 13. Nc3 Ne7 14. Rc1 Rd8 15. a3 Bf4 16. Qd2 Bxe3 17. Qxe3 O-O 18. b4 Ng6 19. c5 Rfe8 20. a4 e5 21. Nb3 Be6 22. Nd2 Rd4 23. b5 Qxc5 24. Ne2 Qb4 25.
Nxd4 exd4 26. Qd3 Nf4 27. Qc2 d3 28. Qc3 Qxa4 29. bxa6 bxa6 30. Bxd3 Rd8 31. Bf1 N6d5 32. Qa1 Qb4 33. Nf3 a5 34. Nd4 a4 35. Nc6 Qd6 36. Nxd8 Qxd8 37. Qxa4 h6 38. g3 Qg5 39. Kh2 Ng6 40.
Bg2 Nf6 41. Qa8+ Kh7 42. Qf3 Qd2 43. Qe3 Qb2 44. Qe2 Qb6 45. Qc2 Qd4 46. Rcd1 Qa7 47. Re3 Qb6 48. Rde1 Bd7 49. Be4 Nxe4 50. Qxe4 h5 51.
Qd5 Qf6 52. Qxh5+ Kg8 53. Re8+ Bxe8 54. Rxe8+ Nf8 55. Qc5 Kh7 56. Rxf8 Qxf2+ 57. Qxf2 1-0

[Event "Early-Titled-Tuesday-Blitz-October-10-2023"]
[Site "Chess.com"]
[Date "2023.10.10"]
[Round "7"]
[White "mr_gustavo"]
[Black "alexrustemov"]
[Result "0-1"]
[WhiteElo "2642"]
[BlackElo "2867"]
[TimeControl "180+1"]
[EndTime "9:16:25 PDT"]
[Termination "alexrustemov won on time"]

1. e4 e6 2. d4 d5 3. Nd2 dxe4 4.
Nxe4 Bd7 5. Nf3 Bc6 6. Bd3 Nd7 7. O-O Ngf6 8. Ng3 Be7 9. Re1 O-O 10. c3 b6 11. Ne5 Bb7 12. Nxd7 Qxd7 13. Nh5 g6 14. Nf4 Rad8 15. Qc2 c5 16. dxc5 Bxc5 17. Be3 Bxe3 18. Rxe3 Nd5 19. Nxd5 Qxd5 20. Rg3 Kg7 21. h4 Qe5 22. Rh3 h5 23. Rg3 Qf6 24. Rg5 Rd5 25.
Be4 Rd7 26. Bxb7 Rxb7 27. Rd1 Rd8 28. a4 Rbd7 29. Rxd7 Rxd7 30. a5 Qd8 31. axb6 Rd1+ 32. Kh2 axb6 33. Qe2 Rd2 34. Qxh5 Rxf2 35. Qg4 Qd6+ 36.
Kg1 Rxb2 37. h5 Rb1+ 38. Kf2 Qd2+ 39. Kg3 Qxc3+ 40. Kf2 Rb4 41. Qg3 Rb2+ 42. Kg1 Qxg3 43.
Rxg3 b5 44. hxg6 fxg6 45. Rc3 b4 46. Rc5 b3 47. Rb5 Kf6 48. Kh2 Rb1 49. Kg3 b2 50. Kg4 e5 51. Rb6+ Ke7 52. Kg5 e4 53. Rb7+ Kd6 54. Rb6+ Kc5 55. Rb8 e3 56. Rc8+ Kd4 57.
Rd8+ Kc3 58. Rc8+ Kd3 59. Rd8+ Ke2 60. Rb8 Kf2 0-1

[Event "Early-Titled-Tuesday-Blitz-October-10-2023"]
[Site "Chess.com"]
[Date "2023.10.10"]
[Round "7"]
[White "karwowskikacper"]
[Black "Druid24"]
[Result "0-1"]
[WhiteElo "2550"]
[BlackElo "2726"]
[TimeControl "180+1"]
[EndTime "9:16:25 PDT"]
[Termination "Druid24 won by resignation"]

1. e4 c5 2. Nf3 d6 3. d4 cxd4 4.
Nxd4 Nf6 5. Nc3 Nc6 6. Bg5 e6 7. Qd2 a6 8. O-O-O Bd7 9. f4 b5 10. Bxf6 gxf6 11. Kb1 Qb6 12. Nxc6 Bxc6 13. f5 Qc5 14.
Bd3 h5 15. Ne2 Bh6 16. Qc3 Qxc3 17. bxc3 Ke7 18. Nd4 Bd7 19. Be2 Bf4 20. h3 Be5 21. g4 h4 22. Rd3 Rac8 23. Rhd1 Rc5 24. Nf3 Bf4 25. Kb2 Bc6 26. Nd2 Rc8 27. Nb3 Rc4 28.
Na5 Bxe4 29. Nxc4 bxc4 30. Rd4 d5 31. Bxc4 Be5 32. Bb3 Bxd4 33. cxd4 exf5 34. gxf5 Rg8 35. Re1 Kd6 36. c4 Rg2+ 37. Kc3 Rg3+ 38. Kb4 Rxh3 39.
cxd5 Bxf5 40. Rf1 Bd3 41. Rxf6+ Ke7 42. Rf4 Rh1 43. d6+ Kxd6 44. Rxf7 h3 45. Rf6+ Ke7 46. Rh6 Bf5 47. Bd5 Rc1 48. a4 Rc2 49. Ka5 Rd2 50. Kxa6 Rxd4 51. Bc6 Rd6 52. Rxd6 Kxd6 53. Kb6 Bd7 54. Bf3 Bxa4 55. Ka5 Bc6 0-1

[Event "Early-Titled-Tuesday-Blitz-October-10-2023"]
[Site "Chess.com"]
[Date "2023.10.10"]
[Round "7"]
[White "gueraumasague"]
[Black "ZeGood_ZeBad_ZeUgly"]
[Result "1-0"]
[WhiteElo "2510"]
[BlackElo "2325"]
[TimeControl "180+1"]
[EndTime "9:16:29 PDT"]
[Termination "gueraumasague won by checkmate"]

1. e4 e5 2. Nc3 Nf6 3. f4 d5 4. fxe5 Nxe4 5. Qf3 Nxc3 6. dxc3 Be6 7. Bf4 Nd7 8.
O-O-O Be7 9. Qg3 g5 10. Be3 c6 11. Nf3 h6 12. h4 g4 13. Nd4 h5 14. Bd3 Qc7 15.
Nxe6 fxe6 16. Bg6+ Kd8 17. Rhf1 Qxe5 18. Bf4 Qg7 19. Qd3 e5 20. Bg3 Rh6 21. Bf5 Rd6 22. Qe3 Bf6 23. Rfe1 Kc7 24. c4 d4 25. Qa3 Be7 26.
Bxd7 Rxd7 27. Qa5+ b6 28. Bxe5+ Bd6 29. Bxg7 bxa5 30. Bxd4 Bg3 31. Re6 Rad8 32. Be5+ Bxe5 33. Rxd7+ Rxd7 34. Rxe5 Rd4 35. Rxh5 Rxc4 36. Rxa5 g3 37. Rxa7+ Kb6 38. Rg7 Rxh4 39. Rxg3 Rh1+ 40. Kd2 Rf1 41. Kc3 Ra1 42. a3 Rf1 43. Kb3 Rf2 44. c3 c5 45.
Rg5 Kb5 46. a4+ Kb6 47. a5+ Kb5 48. g4 Rf6 49. Ka3 Ra6 50. b4 Re6 51. Rxc5+ Ka6 52. g5 Rg6 53. Ka4 Re6 54. b5+ Ka7 55. Kb4 Re4+ 56. c4 Re1 57. Rc7+ Kb8 58. b6 Rb1+ 59. Kc5 Rh1 60. Kc6 Rh5 61. Rg7 Rh8 62. a6 Rc8+ 63. Kb5 Rd8 64. a7+ Ka8 65. Ka6 Rd7 66.
Rg8+ Rd8 67. Rxd8# 1-0

[Event "Early-Titled-Tuesday-Blitz-October-10-2023"]
[Site "Chess.com"]
[Date "2023.10.10"]
[Round "7"]
[White "Aswathchess"]
[Black "Mr_ruthless"]
[Result "1/2-1/2"]
[WhiteElo "2621"]
[BlackElo "2471"]
[TimeControl "180+1"]
[EndTime "9:16:30 PDT"]
[Termination "Game drawn by repetition"]

1. d4 d5 2. c4 c6 3. Nf3 Nf6 4. g3 g6 5. Bg2 Bg7 6. O-O O-O 7.
cxd5 cxd5 8. Nc3 Ne4 9. Nxe4 dxe4 10. Nd2 Qxd4 11. Nxe4 Nc6 12. Qb3 Qb6 13. Qxb6 axb6 14. Nc3 Be6 15. Nd5 Rfd8 16. Nc7 Rxa2 17. Nxe6 Rxa1 18. Nxd8 Nxd8 19. b3 Nc6 20. Be3 Rxf1+ 21. Kxf1 b5 22. Bc5 e6 23. e3 Bf8 24. Bb6 Bd6 25. Ke2 Kf8 26. f4 Ke7 27. Kd2 Bb4+ 28. Kc2 Kd7 29. Bf1 Kd6 30. Bxb5 Bc5 31. Bxc5+ Kxc5 32. Be2 f6 33. Kc3 h6 34. h4 g5 35. Bf3 e5 36. Bxc6 Kxc6 37. Kd3 Kd5 38. e4+ Kc5 39. fxe5 fxe5 40. hxg5 hxg5 41. Kc3 g4 42.
b4+ Kb5 43. Kb3 b6 44. Kc3 Kc6 45. Kc2 Kb5 46. Kb3 Kc6 47. Ka4 Kc7 48. Kb5 Kb7 49.
Kc4 Kc6 50. Kc3 b5 51. Kd3 Kd6 52. Kd2 Ke6 53. Ke3 Kd6 54. Kd2 Ke6 55. Kd3 Kd6 56. Ke3 Ke6 57. Kd2 Kd6 58. Kd3 Ke6 59. Ke3 Kd6 60.
Kd2 1/2-1/2

[Event "Early-Titled-Tuesday-Blitz-October-10-2023"]
[Site "Chess.com"]
[Date "2023.10.10"]
[Round "7"]
[White "mmDarko"]
[Black "JesseFebruary"]
[Result "0-1"]
[WhiteElo "2309"]
[BlackElo "2066"]
[TimeControl "180+1"]
[EndTime "9:16:32 PDT"]
[Termination "JesseFebruary won on time"]

1. d4 Nf6 2. Nf3 e6 3. g3 d5 4.
Bg2 Be7 5. O-O O-O 6. Nbd2 b6 7. b3 Bb7 8. Bb2 Nbd7 9. c4 Rc8 10.
e3 c5 11. Rc1 Ba6 12. Rc2 Ne4 13. Qa1 Ndf6 14. Nxe4 dxe4 15. Ne5 cxd4 16. Bxd4 b5 17. Rd1 Qc7 18. h3 Rfd8 19. Ng4 Nxg4 20. hxg4 f6 21.
Bxe4 bxc4 22. bxc4 e5 23. Bb2 Rxd1+ 24. Qxd1 Rd8 25.
Bd5+ Kh8 26. e4 Qa5 27. Bc3 Qc5 28. Bd2 Qd4 29. Qc1 Qd3 30. Be3 Rb8 31. Bxa7 Ba3 32. Qe1 Rc8 33. Qd2 Qxd2 34. Rxd2 Bxc4 35. Bxc4 h5 36. Bd5 hxg4 37. Kg2 Kh7 38. Be3 Rd8 39. Rc2 Kg6 40. Rc3 Bd6 41. Rb3 Rc8 42. a4 Rc2 43. a5 Ra2 44. Rb5 Rxa5 45. Rxa5 Kh5 46. Ra4 g5 47. Ra6 f5 48. Rc6 Bc5 49. Rxc5 f4 50. Rb5 f3+ 0-1